 Dungeon Crawl Stone Soup version 0.26.0-10-g1f06aea511 (webtiles) character file.

Game seed: 3562745556501706292

31 Cral the Poker (level 3, 0/28 HPs)
             Began as a Demonspawn Gladiator on Jan 14, 2021.
             Slain by a quokka (2 damage)
             ... on level 2 of the Dungeon.
             The game lasted 00:02:57 (1306 turns).

Cral the Poker (Demonspawn Gladiator)               Turns: 1306, Time: 00:02:58

Health: 0/28       AC:  4    Str: 14    XL:     3   Next: 7%
Magic:  3/3        EV: 13    Int: 10    God:
Gold:   62         SH:  0    Dex: 14    Spells: 2/2 levels left

rFire    . . .     SeeInvis .   a - +0 trident
rCold    . . .     Faith    .   (no shield)
rNeg     . . .     Spirit   .   b - +0 leather armour
rPois    .         Reflect  .   c - +0 helmet
rElec    .         Harm     .   (no cloak)
rCorr    .         Rampage  .   (no gloves)
Will     .....                  (no boots)
Stlth    +.........             (no amulet)
HPRegen  0.09/turn              (no ring)
MPRegen  0.08/turn              (no ring)

@: lethally poisoned (0 -> -3)
A: demonic guardian 1
a: no special abilities


You were on level 2 of the Dungeon.
You visited 1 branch of the dungeon, and saw 2 of its levels.

You collected 62 gold pieces.

Inventory:

Hand Weapons
 a - a +0 trident (weapon)
Missiles
 d - 3 throwing nets (quivered)
Armour
 b - a +0 leather armour (worn)
 c - a +0 helmet (worn)
Jewellery
 e - an uncursed amulet of faith
 j - an uncursed ring of protection from cold {unknown}
Scrolls
 f - a scroll of identify {unknown}
 g - a scroll of fear {unknown}
 i - a scroll of remove curse {unknown}
Potions
 h - a potion of lignification {unknown}
 k - 2 potions of haste {unknown}
 l - a potion of mutation {unknown}
 m - 2 potions of curing {unknown}
 n - 2 potions of degeneration {unknown}
 o - a potion of heal wounds {unknown}


   Skills:
 + Level 2.3 Fighting
 + Level 3.1 Polearms
 + Level 1.9 Throwing
 + Level 0.1 Armour
 + Level 3.1 Dodging


You had 2 spell levels left.
You didn't know any spells.
Your spell library was empty.

Dungeon Overview and Level Annotations

Branches:
Dungeon (2/15)

Altars:


Innate Abilities, Weirdness & Mutations

A weak demonic guardian rushes to your aid.


Message History

The bat hits you. The adder barely misses you.
You feel sick. The bat barely misses you. The quokka closely misses you.
The adder bites you.
* * * LOW HITPOINT WARNING * * *
The bat hits you.
* * * LOW HITPOINT WARNING * * *
The quokka barely misses you. The adder closely misses you.
The quokka closely misses you. The bat closely misses you.
The adder barely misses you. The quokka barely misses you.
The adder bites you but does no damage. The bat hits you but does no damage.
The quokka bites you.
* * * LOW HITPOINT WARNING * * *
The adder bites you but does no damage. The bat barely misses you.
* * * LOW HITPOINT WARNING * * *
You feel sick. The bat misses you. The adder bites you.
* * * LOW HITPOINT WARNING * * *
The quokka barely misses you. The bat hits you but does no damage.
The adder misses you. The quokka bites you.
You die...

#.# ##!## #...# #...#
#...# #...###### #
######S...[...#
####.####......@r.....#
#.............b........
.##.##.#....5........#
# #.. #.######........#
#.#.# #.# #...######
##.#.###.# #...#
.........# #...#
####.##### #...# #.#


You could see an adder, a quokka, a bat and a friendly quasit (summoned).

Vanquished Creatures
  An ooze (D:1)
  3 dart slugs (D:1)
  A leopard gecko (D:1)
  A giant cockroach (D:1)
  A goblin (D:1)
  2 hobgoblins (D:1)
  5 jackals (D:1)
  2 frilled lizards (D:1)
  A kobold (D:1)
  2 rats (D:1)
19 creatures vanquished.

Notes
Turn   | Place    | Note
-------+----------+-------------------------------------------
     0 | D:1      | Cral the Demonspawn Gladiator began the quest for the Orb.
     0 | D:1      | Reached XP level 1. HP: 16/16 MP: 1/1
   553 | D:1      | Gained mutation: A weak demonic guardian rushes to your
                  | aid. [demonic ancestry]
   553 | D:1      | Reached XP level 2. HP: 22/22 MP: 2/2
   818 | D:1      | Reached XP level 3. HP: 18/28 MP: 3/3
  1306 | D:2      | Slain by a quokka

Illustrated notes

Levels and vault maps discovered:
D:1:      heliophobic_arrival_enchanted_forest, layout_loops_ring
D:2:      layout_loops_cross

Skill      XL: |  1  2 |
---------------+-------+-----
Dodging        | 3 |  3.1
Polearms       | 3 |  3.1
Fighting       | |  2.3
Throwing       | |  1.9
Armour         | |  0.1

Action                   || total
-------------------------++-------
Melee: Trident           ||    50
 Stab: Sleeping          ||     1
Armor: Leather armour    ||    32
Dodge: Dodged            ||    72
